 Dungeon Crawl Stone Soup version 0.31-a0-538-gbc85326fa9 (webtiles) character file.

Game seed: 17099592001922000683

2319 Demosthentine the Spear-Bearer (level 9, -7/52 (71) HPs)
             Began as a Demonspawn Gladiator on Aug 13, 2023.
             Mangled by Jeremiah
             ... wielding a +3 glaive of draining
              (12 damage)
             ... on level 6 of the Dungeon.
             The game lasted 00:09:50 (5856 turns).

Demosthentine the Spear-Bearer (DsGl)               Turns: 5856, Time: 00:09:51

HP:   -7/52 (71)    AC:  8    Str: 17    XL:     9   Next: 18%
MP:   9/9           EV: 16    Int: 10    God:
Gold: 579           SH:  0    Dex: 22    Spells: 8/8 levels left

rFire   . . .        a - +1 trident (drain)
rCold   . . .        (no shield)
rNeg    . . .        b - +0 leather armour
rPois   .            c - +0 helmet
rElec   .            (no cloak)
rCorr   .            p - +1 pair of gloves
SInv    .            A - +0 pair of boots
Will    .....        (no amulet)
Stlth   +++++        (no ring)
HPRegen 0.28/turn    (no ring)
MPRegen 0.11/turn

%: no passive effects
@: studying Polearms, very heavily drained
A: thin skeletal structure 3, powered by death 1, demonic magic 1, weakness
stinger 1
a: no special abilities


You were on level 6 of the Dungeon.
You visited 1 branch of the dungeon, and saw 6 of its levels.
You also visited: Sewer and Ossuary.

You collected 579 gold pieces.

Inventory:

Hand Weapons
 a - a +1 trident of draining (weapon)
 y - the +7 Throatcutter {drain, coup de grace}
   (You found it on level 2 of the Dungeon)
Missiles
 e - a javelin
 B - a curare-tipped dart
Armour
 b - a +0 leather armour (worn)
 c - a +0 helmet (worn)
 p - a +1 pair of gloves (worn)
 A - a +0 pair of boots (worn)
Jewellery
 q - a +4 ring of protection
 z - a +6 ring of dexterity
 F - a ring of positive energy
 J - a ring of resist corrosion
Wands
 n - a wand of quicksilver (20)
 s - a wand of paralysis (5)
Scrolls
 f - 3 scrolls of teleportation
 k - 2 scrolls of poison
 u - 3 scrolls of revelation
 v - a scroll of immolation
 D - a scroll of identify
 G - 3 scrolls of enchant armour
 H - a scroll of blinking {unknown}
Potions
 g - 3 potions of magic
 h - 3 potions of cancellation
 i - a potion of mutation
 j - 3 potions of enlightenment
 m - 4 potions of curing
 o - a potion of resistance
 r - a potion of ambrosia
 t - 2 potions of berserk rage {unknown}
 w - 5 potions of haste {unknown}
 x - 2 potions of brilliance {unknown}
 C - a potion of invisibility {unknown}
 E - a potion of lignification {unknown}
 I - a potion of heal wounds {unknown}


   Skills:
 + Level 6.4 Fighting
 + Level 8.1 Polearms
 - Level 1.7 Throwing
 + Level 5.3 Armour
 + Level 6.2 Dodging


You had 8 spell levels left.
You didn't know any spells.
Your spell library was empty.

Dungeon Overview and Level Annotations

Branches:
Dungeon (6/15)              Sewer (visited)         Ossuary (visited)
 Temple: D:4-7

Altars:
Ashenzari
Dithmenos
Fedhas
Gozag
Xom

Annotations:
D:6 1 runed translucent door, Jeremiah; RepHenryClay's ghost, amateur DsGl


Innate Abilities, Weirdness & Mutations

You have an unnaturally thin skeletal structure. (Dex +6, Stealth+++)
You regenerate a little health from kills.
Spells you cast may paralyse adjacent enemies.
You have a small tail.


Message History

Press: ? - help, Dir - move target, f/p - Jeremiah
Aim: Jeremiah, wielding a +3 glaive of draining and wearing a +0 robe (lightly wounded, about 36% to evade your +1 trident of draining)
You reach to attack!
You puncture Jeremiah!
Jeremiah is lightly wounded.
The butterfly disappears in a burst of colours!
Jeremiah hits you from afar with a +3 glaive of draining!
You feel drained.
Reach: a) +1 trident (drain)
Press: ? - help, Dir - move target, f/p - Jeremiah
Aim: Jeremiah, wielding a +3 glaive of draining and wearing a +0 robe (lightly wounded, about 36% to evade your +1 trident of draining)
You reach to attack!
You closely miss Jeremiah.
Jeremiah is lightly wounded.
The butterfly disappears in a burst of colours!
Jeremiah hits you from afar with a +3 glaive of draining!
You feel drained.
Reach: a) +1 trident (drain)
Press: ? - help, Dir - move target, f/p - Jeremiah
Aim: Jeremiah, wielding a +3 glaive of draining and wearing a +0 robe (lightly wounded, about 36% to evade your +1 trident of draining)
You reach to attack!
You hit Jeremiah but do no damage.
Jeremiah is lightly wounded.
Jeremiah hits you from afar with a +3 glaive of draining!
You feel drained.
Reach: a) +1 trident (drain)
Press: ? - help, Dir - move target, f/p - Jeremiah
Aim: Jeremiah, wielding a +3 glaive of draining and wearing a +0 robe (lightly wounded, about 36% to evade your +1 trident of draining)
The butterfly is in the way.
You puncture the butterfly!
You kill the butterfly!
The butterfly disappears in a burst of colours! x3
Jeremiah hits you from afar with a +3 glaive of draining!!
* * * LOW HITPOINT WARNING * * *
You feel drained.
* * * LOW HITPOINT WARNING * * *
Reach: a) +1 trident (drain)
Press: ? - help, Dir - move target, f/p - Jeremiah
Aim: Jeremiah, wielding a +3 glaive of draining and wearing a +0 robe (lightly wounded, about 36% to evade your +1 trident of draining)
The butterfly is in the way.
You puncture the butterfly!
You kill the butterfly!
The butterfly disappears in a burst of colours!
Jeremiah hits you from afar with a +3 glaive of draining!
You die...

........................b.b.....
...........#.##.....###.#b###...
.....###.#.#÷##.###.###b#.##....
.... #....<#.#..........b.##....
##[. #.#.#.#.#.....###bPbb#....)
.....#.#..(..#.bbb..b.♣~~~#...#.
# #..........#..bbb##b~♣~.#.....
............##bbF....P..b..[...
...#.##.....#.@b#####....####..
.....#..#.....#....bb......# ##
♣... #.......#....###.#.#.# ~~..
##....#.##.#.# ~P. ##........#.#
... #.#.#(##.......
..#######.#.#.##.....##
..........#.#.##.......
#...#######.#.######.##


You could see Jeremiah.

Vanquished Creatures
  Grinder (D:4)
  Duvessa (D:5)
  A sky beast (D:6)
  5 ice beasts
  2 centaurs
  A kobold brigand (D:4)
  2 elf zombies (D:5)
  An elf skeleton (D:5)
  2 scorpions (D:5)
  Dowan (D:5)
  A howler monkey (D:5)
  5 hounds
  A jelly (D:5)
  4 orc priests (D:6)
  A human skeleton (D:5)
  2 iguanas
  6 orc wizards (D:6)
  8 mummies (Ossuary)
  8 adders
  2 river rats (Sewer)
  A shadow imp (D:6)
  7 worms
  3 dart slugs
  10 orcs
  A bat (D:1)
  11 endoplasms
  2 giant cockroaches (D:1)
  4 gnoll zombies (Ossuary)
  6 goblins
  5 hobgoblins
  4 jackals
  6 quokkas
  9 ball pythons
  9 frilled lizards
  2 hobgoblin zombies (Ossuary)
  10 kobolds
  A kobold zombie (Ossuary)
  2 orc skeletons (D:5)
  An orc zombie (Ossuary)
  10 rats
159 creatures vanquished.

Notes
Turn   | Place    | Note
-------+----------+-------------------------------------------
     0 | D:1      | Demosthentine the Demonspawn Gladiator began the quest for
                  | the Orb.
     0 | D:1      | Reached XP level 1. HP: 16/16 MP: 1/1
   169 | D:1      | Gained mutation: You have a small tail. [demonic ancestry]
   169 | D:1      | Reached XP level 2. HP: 22/22 MP: 2/2
   391 | D:1      | Reached skill level 3 in Polearms
   802 | D:2      | Reached skill level 1 in Armour
   807 | D:2      | Gained mutation: You have a somewhat thin skeletal
                  | structure. (Dex +2, Stealth+) [demonic ancestry]
   807 | D:2      | Reached XP level 3. HP: 23/28 MP: 3/3
  1173 | D:2      | Found the +7 Throatcutter {drain, coup de grace}
  1179 | D:2      | You fall into a shaft and drop 1 floor!
  1338 | D:3      | Found a blossoming altar of Fedhas.
  1350 | D:3      | Reached XP level 4. HP: 30/34 MP: 4/4
  1443 | D:3      | Found a glowing drain.
  1448 | Sewer    | Entered a sewer
  1942 | D:3      | Found a faded altar of an unknown god.
  2357 | D:3      | Found a shadowy altar of Dithmenos.
  2748 | D:4      | Gained mutation: Spells you cast may paralyse adjacent
                  | enemies. [demonic ancestry]
  2748 | D:4      | Reached XP level 5. HP: 41/41 MP: 5/5
  2844 | D:4      | Identified the +0 buckler of the Ward {rN+++ Will- Int-2
                  | Dex+5}
  2861 | D:4      | Noticed Grinder
  2864 | D:4      | Found a transporter.
  2876 | D:4      | Killed Grinder
  2877 | D:4      | Reached skill level 4 in Polearms
  2877 | D:4      | Gained mutation: You have a moderately thin skeletal
                  | structure. (Dex +4, Stealth++) [demonic ancestry]
  2877 | D:4      | Reached XP level 6. HP: 48/48 MP: 6/6
  2894 | D:4      | Noticed an ice beast
  2894 | D:4      | Noticed an ice beast
  3224 | D:4      | Found a transporter.
  3472 | D:4      | Killed an ice beast
  3492 | D:4      | Killed an ice beast
  3493 | D:4      | Reached skill level 5 in Polearms
  3493 | D:4      | Reached XP level 7. HP: 26/54 MP: 7/7
  3517 | D:5      | Entered Level 5 of the Dungeon
  3600 | D:5      | Found a broken altar of Ashenzari.
  3734 | D:5      | Found a shimmering altar of Xom.
  3828 | D:5      | Reached skill level 6 in Polearms
  3835 | D:5      | Found a sand-covered staircase.
  3848 | D:5      | Reached skill level 5 in Fighting
  3848 | D:5      | Reached skill level 5 in Dodging
  3848 | D:5      | Gained mutation: You have an unnaturally thin skeletal
                  | structure. (Dex +6, Stealth+++) [demonic ancestry]
  3848 | D:5      | Reached XP level 8. HP: 62/62 MP: 8/8
  3850 | Ossuary  | Entered an ossuary
  4419 | D:5      | Noticed Dowan
  4420 | D:5      | Noticed Duvessa
  4437 | D:5      | Killed Duvessa
  4442 | D:5      | Killed Dowan
  4495 | D:5      | Reached skill level 7 in Polearms
  5201 | D:6      | Found a runed translucent door.
  5201 | D:6      | Noticed RepHenryClay's ghost (amateur DsGl)
  5207 | D:6      | Reached skill level 5 in Armour
  5340 | D:6      | Gained mutation: You regenerate a little health from kills.
                  | [demonic ancestry]
  5340 | D:6      | Reached XP level 9. HP: 69/69 MP: 9/9
  5368 | D:6      | Found an opulent altar of Gozag.
  5435 | D:6      | Reached skill level 8 in Polearms
  5509 | D:6      | Noticed Jeremiah
  5634 | D:6      | HP: 1/61 [Jeremiah/+3 glaive of draining (5)]
  5856 | D:6      | Mangled by Jeremiah

Illustrated notes

Levels and vault maps discovered:
D:1:      psy_arrival_heroes, layout_basic, minmay_ruptured
D:2:      layout_rooms
D:3:      layout_basic, marbit_many_paths, fedhas_altar_3,
          shapermc_ecumenical_altar_pompeii, portal_sewer_entry_e
D:4:      gammafunk_cloud_chamber, layout_loops_ring, minivault_5,
          minmay_manual_monstrance, uniq_grinder
D:5:      layout_loops_ring, evilmike_ruin_ashenzari,
          mainiacjoe_overflow_brackets, nicolae_ossuary_entry_catacombs,
          nicolae_wormholes, uniq_duvessa
D:6:      layout_basic, mainiacjoe_overflow_boulevard,
          ebering_ghost_inner_flame, serial_bayou, serial_bayou_pond_d,
          serial_bayou_crossing, serial_bayou_pond_e, serial_bayou_pond_e,
          uniq_jeremiah

Skill      XL: |  1  2  3  4  5  6  7  8  9 |
---------------+----------------------------+-----
Polearms       | 3 4 5 6 7 8 |  8.1
Dodging        | 3 4 5 6 |  6.2
Armour         | 1 2 3 5 |  5.3
Fighting       | 3 4 5 6 |  6.4
Throwing       | |  1.7

Action                     |  1- 3 |  4- 6 |  7- 9 || total
---------------------------+-------+-------+-------++-------
  Melee: Trident           |   113 |   162 |   365 ||   640
         Tailslap          |     5 |    19 |    59 ||    83
         Punch             |       |       |     2 ||     2
  Throw: Throwing net      |       |       |     5 ||     5
    Use: Scroll            |     2 |    13 |     6 ||    21
         Potion            |     3 |     2 |     2 ||     7
   Stab: Sleeping          |     5 |    14 |    15 ||    34
         Distracted        |       |       |     3 ||     3
         Held in net/web   |       |       |     3 ||     3
 Armour: Leather armour    |    21 |    48 |    67 ||   136
  Dodge: Dodged            |    76 |   100 |   168 ||   344

Table legend: (Time is in decaauts)
 A = Elapsed time spent in this place.
 B = Non-inter-level travel time spent in this place.
 C = Inter-level travel time spent in this place.
 D = Time resting spent in this place.
 E = Time spent auto-exploring this place.
 F = Levels seen in this place.
 G = Mean time per level.
                   A        B        C        D        E       F      G
               +--------+--------+--------+--------+--------+-----+--------+
         Total |   5941 |   5760 |    181 |    171 |   3925 |   8 |  742.6 |
       Dungeon |   5017 |   4836 |    181 |    171 |   3282 |   6 |  836.2 |
         Sewer |    530 |    530 |      0 |      0 |    369 |   1 |  530.0 |
       Ossuary |    393 |    393 |      0 |      0 |    274 |   1 |  393.0 |
               +--------+--------+--------+--------+--------+-----+--------+

Top non-repeatable levels by time:
     D:5: 1166 daAuts
     D:4: 946 daAuts
     D:1: 805 daAuts
     D:3: 761 daAuts
     D:6: 743 daAuts
     D:2: 595 daAuts
   Sewer: 530 daAuts
 Ossuary: 393 daAuts
